 Dungeon Crawl Stone Soup version 0.29-a0-1006-g0dd7720b37 (webtiles) character file.

Game seed: 8939121983107945278

18 vurker the Sneak (level 2, -2/14 HPs)
             Began as a Vine Stalker Enchanter on Aug 6, 2022.
             Slain by an orc priest
             ... wielding a +4 short sword
              (3 damage)
             ... on level 2 of the Dungeon.
             The game lasted 00:02:08 (1431 turns).

vurker the Sneak (Vine Stalker Enchanter)           Turns: 1431, Time: 00:02:08

Health: -2/14      AC:  4    Str: 10    XL:     2   Next: 70%
Magic:  0/6        EV: 12    Int: 15    God:
Gold:   118        SH:  0    Dex: 14    Spells: 5/5 levels left

rFire   + . .      SeeInvis .   n - +1 dagger (speed)
rCold   + . .      Faith    .   (no shield)
rNeg    . . .      Spirit   +   b - +0 robe
rPois   .          Reflect  .   e - +2 hat
rElec   .          Harm     .   k - scarf {rC+ rF+}
rCorr   .          Rampage  .   (no gloves)
Will    .....                   (no boots)
Stlth   +.........              (no amulet)
HPRegen 0.04/turn               (no ring)
MPRegen 0.10/turn               (no ring)

@: confused
A: fangs 2, magic shield, antimagic bite, no potion heal 2
a: no special abilities


You were on level 2 of the Dungeon.
You visited 1 branch of the dungeon, and saw 2 of its levels.

You collected 118 gold pieces.

Inventory:

Hand Weapons
 n - a +1 dagger of speed (weapon)
   (You found it on level 2 of the Dungeon)
Armour
 b - a +0 robe (worn)
 e - a +2 hat (worn)
   (You found it on level 2 of the Dungeon)
 k - a scarf of resistance (worn)
   (You found it on level 2 of the Dungeon)
Scrolls
 i - a scroll of immolation {unknown}
 j - 2 scrolls of teleportation {unknown}
 m - a scroll of noise {unknown}
Potions
 c - 2 potions of invisibility
 d - a potion of lignification {unknown}
 f - 2 potions of curing {unknown}
 g - a potion of flight {unknown}
 h - a potion of berserk rage {unknown}
 l - a potion of resistance {unknown}


   Skills:
 + Level 1.0 Fighting
 * Level 2.0 Short Blades
 - Level 1.5 Dodging
 - Level 3.6 Stealth
 - Level 2.1 Spellcasting
 - Level 3.0 Hexes


You had 5 spell levels left.
You didn't know any spells.
Your spell library contained the following spells:

 Spells                   Type           Power      Damage    Failure   Level
 Ensorcelled Hibernation  Hex/Ice        12%        N/A       19%         2
 Confusing Touch          Hex            10%        N/A       19%         3
 Tukima's Dance           Hex            10%        N/A       19%         3
 Dazzling Flash           Conj/Hex       12%        N/A       34%         3
 Summon Guardian Golem    Hex/Summ       6%         N/A       34%         3
 Orb of Destruction       Conj           0%         9d5       100%        7
 Spellforged Servitor     Conj/Summ      0%         N/A       100%        7


Dungeon Overview and Level Annotations

Branches:
Dungeon (2/15)

Altars:
Qazlal


Innate Abilities, Weirdness & Mutations

You have extremely sharp teeth.
When hurt, damage is shared between your health and your magic reserves.
Your bite disrupts and absorbs the magic of your enemies.
Potions cannot restore your health.


Message History

There is an open door here.
There is an escape hatch in the ceiling here.
A mysterious force pulls you upwards. The hatch slams shut behind you.
Reactivating autopickup.
There is an escape hatch in the floor here.
You slide downwards.
The hatch slams shut behind you.
Found a glowing dagger and a viscous coppery potion.
You see here a +1 dagger of speed.
l - a viscous coppery potion
m - a scroll labelled ROJULU TEUSCH You see here a +1 dagger of speed.
n - a +1 dagger of speed Your hands tingle!
n - a +1 dagger of speed (weapon)
You drop a +1 dagger.
As you open the door, it creaks loudly!
Found 11 gold pieces and a scroll labelled USETA GEOFI.
There is an open door here.
You now have 118 gold pieces (gained 11).
j - 2 scrolls labelled USETA GEOFI (gained 1)
There are monsters nearby!
There are monsters nearby!
There are monsters nearby!
An orc is nearby!
The orc priest shouts!
You hear a shout!
The orc wizard shouts!
The orc shouts!
You hit the orc priest. Your bite misses the orc priest.
The orc priest looks encouraged for a moment.
You barely miss the orc priest.
You hit the orc priest but do no damage.
You bite the orc priest, but do no damage.
You hit the orc priest.
You hit the orc priest but do no damage.
The orc wizard misses you.
The orc priest hits you with a +4 short sword.
You hit the orc priest. Your bite misses the orc priest.
The orc wizard points at you and mumbles some strange words.
You are confused.
The orc priest hits you with a +4 short sword.
You hit the orc priest.
You bump into the rock wall.
The orc hits you with a +0 flail.
* * * LOW HITPOINT WARNING * * *
The orc wizard mumbles some strange words.
The orc wizard flickers and vanishes!
Deactivating autopickup; reactivate with Ctrl-A.
The orc priest hits you with a +4 short sword.
* * * LOW HITPOINT WARNING * * *
You bump into the rock wall.
The orc barely misses you. Something hits you but does no damage.
The orc priest hits you with a +4 short sword.
You die...

...# #.######## ####
#......... #.######## #.# #
#.######## #.#.......
#########.#.######
#.........#.# #
################@........#.#
#
...............o{o.......#.#
#
.......o.######..........#.#
# .J...... ##.........#.# #
....o.. #.......#.#.# ......
########......#.#.# ......
#.............'..[# ######
##.######.....#.### #.#
#.....#.#


You could see an orc priest and an orc.

Vanquished Creatures
  A dart slug (D:1)
  2 endoplasms (D:2)
  A giant cockroach (D:2)
  A goblin (D:2)
  A hobgoblin (D:1)
  2 jackals (D:1)
  2 kobolds (D:1)
  2 ball pythons
  2 bats
  A frilled lizard (D:1)
  A rat (D:2)
16 creatures vanquished.

Notes
Turn   | Place    | Note
-------+----------+-------------------------------------------
     0 | D:1      | vurker the Vine Stalker Enchanter began the quest for the
                  | Orb.
     0 | D:1      | Reached XP level 1. HP: 9/9 MP: 4/4
    23 | D:1      | Reached skill level 1 in Short Blades
   297 | D:1      | Reached XP level 2. HP: 14/14 MP: 6/6
  1060 | D:2      | Found a faded altar of an unknown god.
  1109 | D:2      | Reached skill level 1 in Fighting
  1197 | D:2      | Found a stormy altar of Qazlal.
  1431 | D:2      | Slain by an orc priest

Illustrated notes

Levels and vault maps discovered:
D:1:      spicycebolla_arrival_clurvy, layout_basic
D:2:      layout_basic, shapermc_ecumenical_altar_venn, basic_altar,
          grunt_ministairs_8

Skill      XL: |  1  2 |
---------------+-------+-----
Short Blades   | 1 2 |  2.0
Fighting       | 1 |  1.0
Dodging        | |  1.5
Stealth        | |  3.6
Spellcasting   | |  2.1
Hexes          | |  3.0

Action                   || total
-------------------------++-------
Melee: Dagger            ||    45
       Bite              ||    12
  Use: Scroll            ||     3
 Stab: Sleeping          ||     4
Armor: Robe              ||     5
Dodge: Dodged            ||    26

Table legend: (Time is in decaauts)
 A = Elapsed time spent in this place.
 B = Non-inter-level travel time spent in this place.
 C = Inter-level travel time spent in this place.
 D = Time resting spent in this place.
 E = Time spent auto-exploring this place.
 F = Levels seen in this place.
 G = Mean time per level.
                   A        B        C        D        E       F      G
               +--------+--------+--------+--------+--------+-----+--------+
         Total |   1424 |   1340 |     84 |      0 |   1080 |   2 |  712.0 |
       Dungeon |   1424 |   1340 |     84 |      0 |   1080 |   2 |  712.0 |
               +--------+--------+--------+--------+--------+-----+--------+

Top non-repeatable levels by time:
     D:1: 819 daAuts
     D:2: 605 daAuts
